 Dungeon Crawl Stone Soup version 0.22-a0-425-g89d60a1 (webtiles) character file.

35976 Jynxie the Cruncher (level 13, -3/106 HPs)
             Began as a Demonspawn Gladiator on May 25, 2018.
             Was the Champion of Makhleb.
             Slain by a fire crab (10 damage)
             ... on level 6 of the Lair of Beasts.
             The game lasted 00:48:08 (13712 turns).

Jynxie the Cruncher (Demonspawn Gladiator)         Turns: 13712, Time: 00:48:08

Health: -3/106     AC: 15    Str: 15    XL:     13   Next: 50%
Magic:  21/21      EV: 21    Int: 13    God:    Makhleb [******]
Gold:   749        SH:  0    Dex: 19    Spells: 9/12 levels left

rFire    . . .     SeeInvis .   K - +2 quarterstaff (speed)
rCold    . . .     Gourm    .   (shield currently unavailable)
rNeg     . . .     Faith    +   M - +0 acid dragon scales
rPois    .         Spirit   .   h - +2 helmet {Int+3}
rElec    .         Reflect  .   Y - +2 cloak
rCorr    +         Harm     .   (no gloves)
MR       .....                  (no boots)
Stlth    ++........             a - amulet of faith {!P}
HPRegen  1.27/turn              m - +4 ring of evasion
MPRegen  0.17/turn              A - +3 ring of slaying

@: studying Necromancy
A: talons 2, thin metallic scales 2, nightstalker 1, powered by death 2
a: Minor Destruction, Lesser Servant of Makhleb, Major Destruction, Greater
Servant of Makhleb, Renounce Religion


You were on level 6 of the Lair of Beasts.
You worshipped Makhleb.
Makhleb was exalted by your worship.
You were hungry.

You visited 2 branches of the dungeon, and saw 18 of its levels.

You collected 1008 gold pieces.
You spent 259 gold pieces at shops.

Inventory:

Hand Weapons
 K - a +2 quarterstaff of speed (weapon)
   (You acquired it on level 5 of the Lair of Beasts)
Missiles
 y - 3 silver tomahawks (quivered)
 F - 3 throwing nets {!f}
 P - 2 javelins
Armour
 h - a +2 helmet of intelligence (worn)
   (You found it on level 4 of the Dungeon)
 s - a +2 ring mail of fire resistance
   (You took it off an orc on level 4 of the Dungeon)
 M - +0 acid dragon scales (worn)
   (You found it on level 11 of the Dungeon)
 U - a +1 pair of boots
   (You found it on level 3 of the Lair of Beasts)
 Y - a +2 cloak (worn)
   (You found it on level 5 of the Lair of Beasts)
Magical Staves
 f - an uncursed staff of wizardry {!a}
   (You found it on level 1 of the Lair of Beasts)
 B - an uncursed staff of earth
   (You found it on level 7 of the Dungeon)
 N - an uncursed staff of power {!a}
   (You found it on level 11 of the Dungeon)
 S - an uncursed staff of energy {!a}
   (You found it on level 3 of the Lair of Beasts)
 V - an uncursed staff of air
   (You found it on level 3 of the Lair of Beasts)
Jewellery
 a - an amulet of faith (around neck) {!P}
   (You found it on level 5 of the Lair of Beasts)
 i - an uncursed ring of protection from fire
   (You found it on level 9 of the Dungeon)
 l - an uncursed ring of protection from magic
   (You found it on level 3 of the Dungeon)
 m - a +4 ring of evasion (left hand)
   (You found it on level 2 of the Lair of Beasts)
 v - an uncursed amulet of magic regeneration {!d}
   (You found it on level 1 of the Lair of Beasts)
 A - a +3 ring of slaying (right hand)
   (You found it on level 7 of the Dungeon)
 I - an uncursed ring of stealth
   (You found it on level 10 of the Dungeon)
 Q - an uncursed ring of wizardry
   (You found it on level 4 of the Lair of Beasts)
 T - a +3 amulet of reflection
   (You found it on level 3 of the Lair of Beasts)
Wands
 c - a wand of disintegration (11) {!d}
   (You found it on level 4 of the Lair of Beasts)
 d - a wand of iceblast (23)
   (You found it on level 9 of the Dungeon)
 t - a wand of flame (54)
   (You found it on level 1 of the Lair of Beasts)
 x - a wand of acid (3)
   (You found it on level 6 of the Dungeon)
 J - a wand of clouds (17)
   (You found it on level 10 of the Dungeon)
Scrolls
 b - 4 scrolls of remove curse {@r2}
 g - a scroll of fog
 j - 5 scrolls of teleportation {@r4}
 p - 7 scrolls of magic mapping
 u - a scroll of fear {unknown}
 w - a scroll of enchant armour
 C - a scroll of random uselessness {unknown}
 O - 5 scrolls of amnesia
 R - 2 scrolls of immolation {!r}
Potions
 k - 2 potions of magic
 n - 6 potions of curing {@q1}
 o - 3 potions of resistance
 q - a potion of invisibility
 r - 3 potions of brilliance
 z - a potion of haste {unknown}
 D - a potion of ambrosia
 E - a potion of flight {unknown}
 G - 2 potions of degeneration {unknown}
 L - 3 potions of heal wounds {@q2}
Books
 H - a manual of Necromancy {!d}
   (You acquired it on level 5 of the Lair of Beasts)
Comestibles
 e - 37 rations {!d}
 W - a chunk of flesh


   Skills:
 + Level 11.1 Fighting
 - Level 14.0 Staves
 - Level 6.0 Throwing
 + Level 7.9 Dodging
 + Level 7.1 Necromancy
 + Level 11.1 Invocations


You had 9 spell levels left.
You knew the following spells:

 Your Spells              Type           Power        Failure   Level  Hunger
e - Regeneration          Chrm/Necr      #.........   30%         3    ####...

Your spell library contained the following spells:

 Spells                   Type           Power        Failure   Level  Hunger
 Cause Fear               Hex            #.........   99%         4    #####..
 Magic Dart               Conj           #...         41%         1    ##.....
 Apportation              Tloc           #.....       41%         1    ##.....
 Conjure Flame            Conj/Fire      #.......     78%         3    ####...
 Slow                     Hex            #.......     54%         2    ###....
 Freezing Cloud           Conj/Ice/Air   #.........   100%        6    #######
 Mephitic Cloud           Conj/Pois/Air  #.......     78%         3    ####...
 Ring of Flames           Chrm/Fire      #.........   100%        7    #######
 Venom Bolt               Conj/Pois      #.........   100%        5    ######.
 Olgreb's Toxic Radiance  Pois           #.......     99%         4    #####..
 Teleport Other           Tloc           #.......     78%         3    ####...
 Summon Small Mammal      Summ           #...         41%         1    ##.....
 Blink                    Tloc           N/A          54%         2    ###....
 Iskenderun's Mystic Bla  Conj           #.......     99%         4    #####..
 Animate Dead             Necr           N/A          22%         4    #####..
 Pain                     Necr           ###.         2%          1    ##.....
 Animate Skeleton         Necr           N/A          2%          1    ##.....
 Vampiric Draining        Necr           ###.......   7%          3    ####...
 Sting                    Conj/Pois      #...         41%         1    ##.....
 Confusing Touch          Hex            #.....       41%         1    ##.....
 Corona                   Hex            #......      41%         1    ##.....
 Portal Projectile        Hex/Tloc       #.....       78%         3    ####...
 Passage of Golubria      Tloc           N/A          99%         4    #####..
 Leda's Liquefaction      Hex/Erth       #.........   99%         4    #####..
 Shroud of Golubria       Chrm/Tloc      #.........   54%         2    ###....
 Inner Flame              Hex/Fire       #.......     78%         3    ####...
 Fulminant Prism          Conj/Hex       #.........   99%         4    #####..
 Dazzling Spray           Conj/Hex       #.....       78%         3    ####...
 Force Lance              Conj/Tloc      #.......     99%         4    #####..
 Searing Ray              Conj           #.....       54%         2    ###....
 Gell's Gravitas          Tloc           #.........   78%         3    ####...
 Lesser Beckoning         Tloc           #.........   78%         3    ####...
 Poisonous Vapours        Pois/Air       #.....       54%         2    ###....


Dungeon Overview and Level Annotations

Branches:
Dungeon (12/15)            Temple (0/1) D:6            Lair (6/6) D:9
  Swamp (0/4) Lair:2       Spider (0/4) Lair:4          Orc (0/2) D:11
  Slime: Lair:5-6

Altars:
Ashenzari
Dithmenos
Elyvilon
Gozag
Makhleb
Ru
Sif Muna
Uskayaw
The Shining One

Shops:
D:6 ?   D:9 =

Annotations:
D:12 Nessos


Innate Abilities, Weirdness & Mutations

You have razor-sharp toenails.
You are mostly covered in thin metallic scales. (AC +3)
You are slightly more attuned to the shadows.
You regenerate health from kills.


Message History

The five-headed hydra bites you!
The five-headed hydra bites you but does no damage.
The five-headed hydra bites you!
The five-headed hydra bites you but does no damage. x2
You sock the five-headed hydra! The five-headed hydra bites you.
The five-headed hydra misses you. The five-headed hydra bites you. x3
You hit the five-headed hydra. You sock the five-headed hydra!
You claw the five-headed hydra! You bludgeon the five-headed hydra!!
You kill the five-headed hydra!
Makhleb accepts your kill.
You feel better.
Your Necromancy skill increases to level 7!
You hit the fire crab but do no damage. The fire crab bites you!
You are engulfed in flames!
The fire crab claws you.
You are engulfed in flames!
You hit the fire crab. You claw the fire crab. You sock the fire crab!
You barely miss the fire crab. The fire crab breathes flames at you.
The blast of flame misses you.
You thump the fire crab! Your kick misses the fire crab.
You are engulfed in blazing flames.
You barely miss the fire crab.
You are engulfed in blazing flames.
The fire crab breathes flames at you. The blast of flame engulfs you!
You sock the fire crab!
You claw the fire crab, but do no damage.
You are engulfed in blazing flames.
You completely miss the fire crab. You claw the fire crab.
You are engulfed in blazing flames.
* * * LOW HITPOINT WARNING * * *
You are too injured to fight recklessly!
You feel better.
You are engulfed in blazing flames.
* * * LOW HITPOINT WARNING * * *
The fire crab bites you.
* * * LOW HITPOINT WARNING * * *
You are engulfed in flames!
* * * LOW HITPOINT WARNING * * *
The fire crab completely misses you.
There isn't anything here!
Aim: a fire crab (severely wounded)
The fireball explodes!
The fireball engulfs the fire crab.
The fire crab completely resists.
The fireball engulfs you!
You are feeling hungry.
You hear a bellow!
The fire crab closely misses you. The fire crab claws you.
* * * LOW HITPOINT WARNING * * *
You are engulfed in flames!
You die...

###.....P.### #
#.....### ###...##
#........ # #P....#
#........ # #....##
##....... # ##..##
......# #.P##...#
....#
.......#########t†#
......(.#..#.##(@.#
..............(...###
P##..........(.†....#
###PP..#.....###......
# ##....#.#.##
........ # #...#####..
....#.#. ##..
..#...#.## ...
........# .. .....


You could see a fire crab.

Vanquished Creatures
  The ghost of George the Carver, a journeyman MiFi of the Shining One (Lair:3)
  2 hydras (Lair:6)
  The ghost of Jynxie the Spear-Bearer, a journeyman MfIE of Yredelemnul (D:9)
  A two-headed ogre (D:7)
  Erica (D:8)
  4 death yaks (Lair:4)
  An unseen horror (D:12)
  An oklob plant (Lair:2)
  A manticore (D:12)
  3 black mambas
  Psyche (D:8)
  2 gargoyles
  9 spiny frogs
  A rime drake (Lair:2)
  4 komodo dragons
  3 polar bears
  9 blink frogs
  7 dream sheep (Lair:5)
  7 hippogriffs
  5 redbacks (Lair:4)
  A wyvern (D:8)
  34 yaks
  A spriggan (Lair:5)
  A hungry ghost (D:10)
  A basilisk (Lair:6)
  An acid dragon (D:11)
  14 water moccasins
  4 orc warriors
  7 porcupines
  3 black bears
  8 ice beasts
  2 sky beasts
  6 ogres
  3 phantoms
  8 wolves
  2 centaurs
  6 crocodiles
  A big kobold (D:8)
  10 bullfrogs
  A gnoll sergeant (D:11)
  A scorpion (D:6)
  14 killer bees
  18 wights
  4 howler monkeys
  4 crimson imps
  2 centaur zombies
  2 bullfrog zombies
  A quasit (D:6)
  5 hounds
  2 jellies
  10 orc priests
  2 bullfrog skeletons
  14 orc wizards
  3 centaur skeletons
  4 iguanas
  12 worker ants
  A hound zombie (D:9)
  3 hound skeletons
  2 worker ant zombies
  7 gnolls
  A howler monkey skeleton (D:9)
  19 adders
  3 shadow imps
  2 oozes
  An adder skeleton (D:9)
  An adder zombie (D:5)
  4 dart slugs
  4 worms
  6 leopard geckos
  57 orcs
  14 bats
  4 giant cockroaches
  9 goblins
  8 hobgoblins
  26 jackals
  13 quokkas
  2 ball pythons
  7 frilled lizards
  A jackal zombie (D:7)
  14 kobolds
  A quokka skeleton (D:4)
  2 quokka zombies
  6 rats
494 creatures vanquished.

Vanquished Creatures (collateral kills)
  3 oklob plants (Lair:2)
  A crocodile (Lair:2)
  A bullfrog (Lair:2)
  2 plants (Lair:2)
7 creatures vanquished.

Vanquished Creatures (others)
  5 fungi
  A plant (D:9)
6 creatures vanquished.

Grand Total: 507 creatures vanquished

Notes
Turn   | Place    | Note
-------+----------+-------------------------------------------
     0 | D:1      | Jynxie the Demonspawn Gladiator began the quest for the Orb.
     0 | D:1      | Reached XP level 1. HP: 16/16 MP: 1/1
   147 | D:1      | Reached skill level 3 in Staves
   173 | D:1      | Gained mutation: You regenerate a little health from kills. [demonic ancestry]
   173 | D:1      | Reached XP level 2. HP: 16/22 MP: 2/2
   397 | D:1      | Gained mutation: You have sharp toenails. [demonic ancestry]
   397 | D:1      | Reached XP level 3. HP: 28/28 MP: 3/3
   905 | D:2      | Reached skill level 4 in Staves
   905 | D:2      | Gained mutation: You regenerate health from kills. [demonic ancestry]
   905 | D:2      | Reached XP level 4. HP: 33/34 MP: 4/4
  1517 | D:3      | Reached skill level 8 in Staves
  1517 | D:3      | Reached skill level 5 in Dodging
  1517 | D:3      | Reached XP level 5. HP: 47/47 MP: 5/5
  1636 | D:3      | Reached XP level 6. HP: 53/53 MP: 6/6
  1795 | D:3      | Noticed an ice beast
  1802 | D:3      | Killed an ice beast
  1950 | D:3      | Found an opulent altar of Gozag.
  2094 | D:4      | Reached XP level 7. HP: 58/59 MP: 7/7
  2281 | D:4      | Reached skill level 9 in Staves
  2659 | D:5      | Entered Level 5 of the Dungeon
  2940 | D:5      | Gained mutation: You are partially covered in thin metallic scales. (AC +2) [demonic ancestry]
  2940 | D:5      | Reached XP level 8. HP: 67/67 MP: 8/8
  3200 | D:5      | Found a burning altar of Makhleb.
  3207 | D:5      | Became a worshipper of Makhleb the Destroyer
  3289 | D:5      | Reached skill level 1 in Invocations
  3512 | D:6      | Found Adoyk's Magic Scroll Emporium.
  3550 | D:6      | Bought a scroll of enchant armour for 105 gold pieces
  3550 | D:6      | Bought a scroll of magic mapping for 49 gold pieces
  3550 | D:6      | Bought a scroll of enchant weapon for 105 gold pieces
  3598 | D:6      | Reached * piety under Makhleb
  3634 | D:6      | Gained mutation: You are mostly covered in thin metallic scales. (AC +3) [demonic ancestry]
  3634 | D:6      | Reached XP level 9. HP: 72/72 MP: 11/11
  3779 | D:6      | Found a staircase to the Ecumenical Temple.
  4008 | D:6      | Reached skill level 10 in Staves
  4012 | D:6      | Found a hide-covered altar of Uskayaw.
  4012 | D:6      | Found a glowing golden altar of the Shining One.
  4237 | D:7      | Reached ** piety under Makhleb
  4596 | D:7      | Noticed a two-headed ogre
  4610 | D:7      | Killed a two-headed ogre
  4883 | D:8      | Reached XP level 10. HP: 80/80 MP: 13/13
  4990 | D:8      | Found a white marble altar of Elyvilon.
  5003 | D:8      | Reached skill level 5 in Invocations
  5064 | D:8      | Reached skill level 5 in Throwing
  5079 | D:8      | Reached *** piety under Makhleb
  5107 | D:8      | Noticed Erica
  5122 | D:8      | Killed Erica
  5122 | D:8      | Reached skill level 11 in Staves
  5425 | D:8      | Noticed Psyche
  5430 | D:8      | Killed Psyche
  5471 | D:8      | Found a sacrificial altar of Ru.
  5471 | D:8      | Found a deep blue altar of Sif Muna.
  5780 | D:9      | Noticed a gargoyle
  5780 | D:9      | Noticed Jynxie's ghost (journeyman MfIE)
  5802 | D:9      | Killed a gargoyle
  5833 | D:9      | Killed Jynxie's ghost
  5833 | D:9      | Gained mutation: You have razor-sharp toenails. [demonic ancestry]
  5833 | D:9      | Reached XP level 11. HP: 87/87 MP: 15/15
  5838 | D:9      | Reached **** piety under Makhleb
  6100 | D:9      | Found a shattered altar of Ashenzari.
  6227 | D:9      | Found a shadowy altar of Dithmenos.
  6311 | D:9      | Found a staircase to the Lair.
  6362 | D:9      | Found Rizxuj's Jewellery Boutique.
  6388 | D:10     | Entered Level 10 of the Dungeon
  7588 | D:11     | Found a staircase to the Orcish Mines.
  7750 | D:11     | Reached ***** piety under Makhleb
  7750 | D:11     | Reached skill level 12 in Staves
  7789 | D:11     | Noticed an Executioner
  7900 | D:12     | Killed an unseen horror
  7903 | D:12     | Noticed Nessos
  8189 | D:12     | Noticed a deep elf mage
  8334 | D:11     | Learned a level 3 spell: Regeneration
  8692 | D:11     | Found a deep blue altar of Sif Muna.
  8986 | Lair:1   | Entered Level 1 of the Lair of Beasts
  9117 | Lair:1   | Reached skill level 1 in Necromancy
 10047 | Lair:2   | Gained mutation: You are slightly more attuned to the shadows. [demonic ancestry]
 10047 | Lair:2   | Reached XP level 12. HP: 97/97 MP: 18/18
 10128 | Lair:2   | Found a staircase to the Swamp.
 10461 | Lair:2   | Reached skill level 10 in Fighting
 10835 | Lair:3   | Reached skill level 13 in Staves
 11013 | Lair:3   | Noticed George's ghost (journeyman MiFi)
 11099 | Lair:3   | Killed George's ghost
 11584 | Lair:4   | Reached skill level 10 in Invocations
 11959 | Lair:4   | Found a hole to the Spider Nest.
 12094 | Lair:4   | Noticed a death yak
 12111 | Lair:4   | Killed a death yak
 12117 | Lair:4   | Noticed a death yak
 12117 | Lair:4   | Noticed a death yak
 12119 | Lair:4   | Noticed a death yak
 12478 | Lair:4   | Killed a death yak
 12496 | Lair:4   | Killed a death yak
 12496 | Lair:4   | Reached skill level 5 in Necromancy
 12496 | Lair:4   | Reached XP level 13. HP: 104/104 MP: 20/20
 12811 | Lair:5   | Identified 2 scrolls of acquirement
 13029 | Lair:5   | Reached ****** piety under Makhleb
 13583 | Lair:6   | Entered Level 6 of the Lair of Beasts
 13628 | Lair:6   | Reached skill level 14 in Staves
 13712 | Lair:6   | Slain by a fire crab

Vault maps used:
D:1:      co_arrival_random_square_maze
D:3:      nicolae_gozag_cash_rules_everything_around_me, first_ration
D:4:      corexii_shack_village
D:5:      makhleb_blood_cavern_becter, corexii_shack,
          kennysheep_cross_bottleneck
D:6:      amethyst_overflow_temple_binary, minmay_temple_entry_fiery,
          serial_shops, nicolae_shop_stone, minmay_bent
D:8:      elyvilon_altar_1, gammafunk_temple_overflow_pools, uniq_erica,
          uniq_psyche
D:9:      ashenzari_altar_1, grunt_dithmenos_shadows, david_lair_shrubbed,
          serial_shops, nicolae_shop_stone, grunt_ogre_cave,
          kennysheep_generic_room_3
D:11:     orc_0_dummy, led_sif_book
D:12:     minmay_splitting_lines, st_stairs_13, uniq_nessos
Lair:2:   swamp_mist, grunt_megastairs_3, minmay_lair_oklob_chamber
Lair:4:   beast_lair_carwin_large_1, spider_nest_entry_funnel_web,
          lemuel_fruit_fields
Lair:5:   grunt_forest_stairs_clearing
Lair:6:   due_jungle_book, minmay_slime_entry_oklob_enclosed, special_room,
          lemuel_fruit_tree

Skill      XL: |  1  2  3  4  5  6  7  8  9 10 11 12 13 |
---------------+----------------------------------------+-----
Staves         | 3 4 8 9 10 11 12 13 14 | 14.0
Fighting       | 6 7 8 9 10 11 | 11.1
Throwing       | 2 3 4 5 6 |  6.0
Dodging        | 5 6 7 |  7.9
Invocations    | 2 4 6 8 10 11 | 11.1
Necromancy     | 2 5 7 |  7.1

Action                   |  1- 3 |  4- 6 |  7- 9 | 10-12 | 13-15 || total
-------------------------+-------+-------+-------+-------+-------++-------
Melee: Quarterstaff      |    82 |   154 |   490 |   788 |   206 ||  1720
       Kick              |     8 |    44 |   140 |   256 |    98 ||   546
Throw: Tomahawk          |       |    12 |     9 |    90 |    10 ||   121
       Javelin           |       |       |     6 |    24 |       ||    30
       Throwing net      |       |       |     1 |     3 |       ||     4
Invok: Major Destruction |       |       |       |     3 |     3 ||     6
       Greater Servant o |       |       |       |     2 |       ||     2
Evoke: Wand              |       |       |       |     1 |       ||     1
  Use: Scroll            |       |     6 |     8 |    14 |     7 ||    35
       Potion            |       |     3 |       |    12 |     1 ||    16
 Stab: Sleeping          |     2 |       |       |     4 |       ||     6
       Held in net/web   |       |       |     2 |       |       ||     2
  Eat: Chunk             |       |     4 |    10 |    21 |     4 ||    39
       Ration            |       |       |       |     1 |       ||     1
Armor: Leather armour    |    26 |    13 |       |       |       ||    39
       Ring mail         |       |    29 |   140 |   169 |       ||   338
       Skin              |       |       |       |    10 |       ||    10
       Acid dragon scale |       |       |       |    57 |    34 ||    91
Dodge: Dodged            |    43 |   164 |   307 |   444 |   139 ||  1097
Block: Other             |       |       |       |    14 |     3 ||    17

Table legend:
 A = Spawn XP
 B = Non-spawn XP
 C = Spawn XP percentage of total XP
 D = Spawn monster count
 E = Non-spawn monster count
 F = Spawn count percentage of total count
 G = Total turns spent on level
                    A         B        C        D         E        F      G
               +---------+---------+-------+---------+---------+-------+---------
         Total |       0 |   51245 |   0.0 |       0 |     499 |   0.0 | 13712
               +---------+---------+-------+---------+---------+-------+---------
           D:1 |       0 |      42 |   0.0 |       0 |      22 |   0.0 |   594
           D:2 |       0 |     115 |   0.0 |       0 |      25 |   0.0 |   915
           D:3 |       0 |     280 |   0.0 |       0 |      29 |   0.0 |   496
           D:4 |       0 |     460 |   0.0 |       0 |      42 |   0.0 |   654
           D:5 |       0 |     878 |   0.0 |       0 |      38 |   0.0 |   725
           D:6 |       0 |    1398 |   0.0 |       0 |      39 |   0.0 |   815
           D:7 |       0 |    1991 |   0.0 |       0 |      28 |   0.0 |   617
           D:8 |       0 |    3501 |   0.0 |       0 |      50 |   0.0 |   878
           D:9 |       0 |    3728 |   0.0 |       0 |      40 |   0.0 |   719
          D:10 |       0 |    1230 |   0.0 |       0 |      20 |   0.0 |  1197
          D:11 |       0 |    3072 |   0.0 |       0 |      34 |   0.0 |   965
          D:12 |       0 |    1602 |   0.0 |       0 |       5 |   0.0 |   411
        Lair:1 |       0 |    1483 |   0.0 |       0 |       7 |   0.0 |   827
        Lair:2 |       0 |    4495 |   0.0 |       0 |      24 |   0.0 |   731
        Lair:3 |       0 |    5447 |   0.0 |       0 |      21 |   0.0 |  1213
        Lair:4 |       0 |   10211 |   0.0 |       0 |      34 |   0.0 |  1053
        Lair:5 |       0 |    6544 |   0.0 |       0 |      28 |   0.0 |   773
        Lair:6 |       0 |    4768 |   0.0 |       0 |      13 |   0.0 |   129
               +---------+---------+-------+---------+---------+-------+---------
